General information
- name: BNet
- type: Ladder 1vs1/FFA
- host: Battle.net
- saver: howsmymanner
map: TerenasStand
- players: 2
- length: 22:53
- speed: Fast
- version: 1.21 W3XP
- replay type: Public
» download(73 KB)
Players
team 1 (winner)
howsmymanner (
pink | 144 APM | 3302 actions | 22:53)
5 Demon Hunter
3 Mana Burn
2 Evasion
5 Beastmaster
2 Summon Quilbeast
3 Summon Hawk
» actions
| Assign group hotkey | 43 | |
| Basic commands | 406 | |
| Build / train | 79 | |
| Enter build submenu | 18 | |
| Enter hero's abilities submenu | 10 | |
| Give item / drop item | 5 | |
| Remove unit from queue | 1 | |
| Right click | 909 | |
| Select / deselect | 387 | |
| Select group hotkey | 1345 | |
| Use ability | 99 | |
3302 total
» units
| Wisp | 20 | |
| Archer | 7 | |
| Druid of the Talon | 10 | |
| Druid of the Claw | 4 | |
41 total
» upgrades
| Ultravision | 1 | |
| Druid of the Talon Training | 2 | |
| Well Spring | 1 | |
| Druid of the Claw Training | 2 | |
| Strength of the Wild | 3 | |
| Reinforced Hides | 1 | |
10 total
» buildings
| Altar of Elders | 1 | |
| Moon Well | 6 | |
| Ancient of War | 1 | |
| Tree of Ages | 1 | |
| Hunter's Hall | 1 | |
| Ancient of Wind | 2 | |
| Tree of Eternity | 1 | |
| Ancient of Wonders | 1 | |
| Tree of Life | 1 | |
| Ancient of Lore | 2 | |
17 total
» build order
00:08 Altar of Elders
00:20 Moon Well
00:30 Ancient of War
01:31 Moon Well
03:10 Tree of Ages
03:55 Hunter's Hall
04:34 Moon Well
04:38 Moon Well
06:04 Ancient of Wind
06:41 Ancient of Wind
06:55 Tree of Eternity
07:12 Ancient of Wonders
08:22 Moon Well
09:22 Moon Well
11:04 Tree of Life
14:00 Ancient of Lore
16:16 Ancient of Lore
» items
| Orb of Venom | 1 | |
| Scroll of Town Portal | 2 | |
| Staff of Preservation | 2 | |
| Potion of Healing | 4 | |
| Scroll of Healing | 2 | |
| Potion of Lesser Invulnerability | 1 | |
12 total
team 2 (loser)
LockNl0ad (
red | 38 APM | 862 actions | 22:51)
3 Blademaster
1 Wind Walk
2 Critical Strike
1 Far Seer
1 Chain Lighting
» actions
| Assign group hotkey | 11 | |
| Basic commands | 117 | |
| Build / train | 54 | |
| Enter build submenu | 11 | |
| Enter hero's abilities submenu | 5 | |
| Remove unit from queue | 6 | |
| Right click | 289 | |
| Select / deselect | 284 | |
| Select group hotkey | 37 | |
| Use ability | 48 | |
862 total
» units
| Peon | 5 | |
| Grunt | 15 | |
| Raider | 5 | |
| Demolisher | 4 | |
29 total
» upgrades
| Berserker Strength | 1 | |
| Ensnare | 1 | |
| Burning Oil | 1 | |
3 total
» buildings
| Altar of Storms | 1 | |
| Barracks | 1 | |
| Orc Burrow | 6 | |
| Voodoo Lounge | 1 | |
| Stronghold | 1 | |
| Beastiary | 1 | |
| War Mill | 1 | |
| Fortress | 1 | |
13 total
» build order
00:13 Altar of Storms
00:18 Barracks
00:22 Orc Burrow
01:53 Orc Burrow
02:04 Voodoo Lounge
03:26 Orc Burrow
04:24 Orc Burrow
06:02 Stronghold
06:37 Orc Burrow
08:37 Beastiary
09:48 Orc Burrow
16:25 War Mill
18:04 Fortress
» items
| Lesser Clarity Potion | 5 | |
| Scroll of Speed | 1 | |
| Potion of Healing | 1 | |
| Healing Salve | 1 | |
8 total
Chat log
(11:18 / All) howsmymanner: lol
(11:24 / All) LockNl0ad: ?
(13:01 / All) LockNl0ad: that was weird
(13:03 / All) LockNl0ad: lol
(14:46 / All) LockNl0ad: u prob got this game man
(16:52 / All) LockNl0ad: yo
(16:55 / All) LockNl0ad: wanna At?
(16:59 / All) LockNl0ad: after this
(17:03 / All) howsmymanner: no
(22:49 / All) LockNl0ad: gg man u won